 Dungeon Crawl Stone Soup version 0.32-a0-814-g0968bab981 (webtiles) character file.

Game seed: 781970445339481406

387 smashvw the Caller (level 6, -1/41 HPs)
             Began as a Merfolk Summoner on Mar 23, 2024.
             Splashed by a jelly's acid (10 damage)
             ... in a sewer.
             The game lasted 00:10:51 (3372 turns).

smashvw the Caller (Merfolk Summoner)               Turns: 3372, Time: 00:10:52

Health: -1/41      AC: -6    Str:  8    XL:     6   Next: 78%
Magic:  10/12      EV: 15    Int: 16    God:
Gold:   217        SH:  0    Dex: 15    Spells: 1/13 levels left

rFire   . . .        m - +1 dagger (elec)
rCold   . . .        (no shield)
rNeg    . . .        a - +0 robe
rPois   .            (no helmet)
rElec   .            (no cloak)
rCorr   .            (no gloves)
SInv    .            (boots currently unavailable)
Will    .....        r - amulet of regeneration
Stlth   +++          l - +4 ring of protection
HPRegen 1.06/turn    (no ring)
MPRegen 0.13/turn

%: no passive effects
@: corroded, unable to call your familiar, very quick
A: nimble swimmer 2, mertail
a: no special abilities


You were in a sewer.
You visited 1 branch of the dungeon, and saw 4 of its levels.
You also visited: Sewer.

You collected 217 gold pieces.

Inventory:

Hand Weapons
 m - a +1 dagger of electrocution (weapon)
Armour
 a - a +0 robe (worn)
Jewellery
 l - a +4 ring of protection (left hand)
 r - an amulet of regeneration (around neck)
 s - an amulet of the acrobat
 t - the ring of Omettyeru {rElec rC- rCorr Int+5}
   (You found it on level 4 of the Dungeon)

   [ring of resist corrosion]

   Int+5:     It affects your intelligence (+5).
   rC-:       It makes you vulnerable to cold.
   rElec:     It insulates you from electricity.
   rCorr:     It protects you from acid and corrosion.
Wands
 n - a wand of polymorph (13)
Scrolls
 d - a scroll of poison {unknown}
 f - 3 scrolls of blinking {unknown}
 h - 2 scrolls of vulnerability {unknown}
 j - 2 scrolls of fear {unknown}
 o - 2 scrolls of identify {unknown}
 p - a scroll of silence {unknown}
 q - a scroll of amnesia {unknown}
Potions
 b - a potion of magic
 c - 2 potions of mutation {unknown}
 e - 2 potions of curing
 g - a potion of might {unknown}
 i - 2 potions of enlightenment {unknown}
 k - a potion of haste {unknown}


   Skills:
 + Level 0.0 Fighting
 - Level 3.2 Polearms
 + Level 2.7 Dodging
 - Level 2.1 Stealth
 + Level 4.0 Spellcasting
 + Level 5.5 Summonings
 + Level 1.7 Fire Magic
 + Level 0.1 Air Magic


You had one spell level left.
You knew the following spells:

 Your Spells              Type           Power      Damage    Failure   Level
a - Summon Small Mammal   Summ           80%        N/A       1%          1
b - Call Canine Familiar  Summ           20%        N/A       5%          3
c - Summon Blazeheart Go  Fire/Summ      14%        N/A       36%         4
d - Summon Lightning Spi  Summ/Air       12%        N/A       45%         4

Your spell library contained the following spells:

 Spells                   Type           Power      Damage    Failure   Level
 Slow                     Hex            12%        N/A       17%         1
 Call Imp                 Summ           40%        N/A       2%          2
 Confusing Touch          Hex            3%         N/A       45%         3
 Vampiric Draining        Necr           3%         2d6       45%         3


Dungeon Overview and Level Annotations

Branches:
Dungeon (4/15)              Sewer (1/1)
 Temple: D:4-7

Altars:
Nemelex Xobeh
Vehumet

Shops:
D:3 (


Innate Abilities, Weirdness & Mutations

You are very nimble when in or above water. (Stealth+, EV+, Speed+++)
Your lower body shifts to a powerful aquatic tail in water.


Message History

The giant cockroach bites your inugami but does no damage.
Your inugami hits the giant cockroach.
The giant cockroach dies!
The jelly hits your inugami but does no damage.
The endoplasm hits you. The jelly hits you.
You are splashed with acid.
You barely miss the endoplasm.
The endoplasm is heavily wounded.
The adder barely misses your inugami.
Your inugami hits the jelly.
Your inugami is burned by acid!
The jelly barely misses your inugami. The adder barely misses your inugami.
The endoplasm freezes you.
You are frozen.
* * * LOW HITPOINT WARNING * * *
The jelly hits you.
* * * LOW HITPOINT WARNING * * *
You are splashed with acid!
* * * LOW HITPOINT WARNING * * *
Your quokka bites the endoplasm.
The endoplasm dies!
Your legs become a tail as you enter the water.
Your inugami hits the jelly.
Your inugami is burned by acid!
Your inugami dies!
Your inugami disappears in a puff of smoke!
The jelly attacks as it pursues you! The jelly misses you.
Okay, then.
Okay, then.
Okay, then.
Okay, then.
You feel better. The adder barely misses you.
Your quokka bites the jelly.
Your quokka is burned by acid!
The jelly closely misses you. The jelly barely misses your quokka.
The adder barely misses you.
You hit the jelly. Lightning courses through the jelly!!
You kill the jelly!
Your quokka closely misses the adder.
The adder closely misses you. The jelly hits you.
* * * LOW HITPOINT WARNING * * *
The acid corrodes you!
You are splashed with acid!
You die...

~ #.~#~. ..~.~
#.†####### ~~
#...~~##~~~~ #..#
~~.##..~##.~.#
#~~#
#~~..~~~#..~#
#..#######
#.....~.†.#
#.........
#..~~~~~##
#......~.~
##†....r##
##########
#~..~.S..##
#.~.###J@~~#
#...# ##.~.## #
#..# ##~~.### ###
#~~
#..~..#########.~
##
##~..~....~.~..~.
####..~~~..~.~~#
#############


You could see a jelly, an adder (ally target) and a friendly quokka (summoned).

Vanquished Creatures
  A black bear (D:4)
  A hound (D:4)
  A jelly (Sewer)
  An adder (D:4)
  A dart slug (D:1)
  A ribbon worm (D:2)
  11 ball pythons
  3 bats
  3 endoplasms (Sewer)
  5 giant cockroaches
  4 hobgoblins
  2 quokkas
  2 frilled lizards
  3 goblins
  5 kobolds
  9 rats
53 creatures vanquished.

Vanquished Creatures (collateral kills)
  A scorpion (D:4)
  A bombardier beetle (D:3)
  A jelly (D:4)
  A hound (D:4)
  2 adders
  A dart slug (D:1)
  4 ball pythons
  2 bats
  8 endoplasms
  A giant cockroach (Sewer)
  4 goblins
  A kobold (D:1)
  2 quokkas (D:1)
  3 frilled lizards (D:1)
  2 rats
34 creatures vanquished.

Vanquished Creatures (others)
  A blazeheart core (D:4)
1 creature vanquished.

Grand Total: 88 creatures vanquished

Notes
Turn   | Place    | Note
-------+----------+-------------------------------------------
     0 | D:1      | smashvw the Merfolk Summoner began the quest for the Orb.
     0 | D:1      | Reached XP level 1. HP: 13/13 MP: 3/3
   156 | D:1      | Reached XP level 2. HP: 10/19 MP: 0/5
   879 | D:1      | Reached XP level 3. HP: 23/24 MP: 6/6
  1002 | D:1      | Learned a level 3 spell: Call Canine Familiar
  1855 | D:2      | Reached XP level 4. HP: 30/30 MP: 8/8
  1866 | D:2      | Learned a level 4 spell: Summon Blazeheart Golem
  2313 | D:3      | Found Kopreipa's Antique Weapon Boutique.
  2345 | D:3      | Reached skill level 1 in Polearms
  2594 | D:3      | Found a sparkling altar of Nemelex Xobeh.
  2594 | D:3      | Found a radiant altar of Vehumet.
  2771 | D:4      | Reached skill level 5 in Summonings
  2771 | D:4      | Noticed a black bear
  2780 | D:4      | Reached XP level 5. HP: 30/35 MP: 1/10
  2781 | D:4      | Reached skill level 1 in Fire Magic
  2781 | D:4      | Killed a black bear
  2782 | D:4      | Reached XP level 6. HP: 37/41 MP: 1/11
  2951 | D:4      | Identified the ring of Omettyeru {rElec rC- rCorr Int+5}
  3247 | D:4      | Found a glowing drain.
  3270 | Sewer    | Entered a sewer
  3287 | Sewer    | Learned a level 4 spell: Summon Lightning Spire
  3369 | Sewer    | HP: 1/41 [acid (10)]
  3372 | Sewer    | Splashed by a jelly's acid

Illustrated notes

Levels and vault maps discovered:
D:1:      dpeg_arrival_another_circle, layout_basic
D:2:      layout_loops_cross, serial_bayou_pond_c
D:3:      layout_rooms, gammafunk_temple_overflow_elements, serial_shops,
          nicolae_shop_just_a_little_nook, minmay_door_square
D:4:      layout_basic, pdpol_wu_jian_five_deadly_venoms, portal_sewer_entry_c,
          minmay_misc_feat_enclosed
Sewer:    sewer_hellmonk_slimy_pipes

Skill      XL: |  1  2  3  4  5  6 |
---------------+-------------------+-----
Spellcasting   | 3 4 |  4.0
Polearms       | 1 2 3 |  3.2
Summonings     | 5 |  5.5
Fire Magic     | 1 |  1.7
Dodging        | |  2.7
Stealth        | |  2.1
Air Magic      | |  0.1

Action                     |  1- 3 |  4- 6 || total
---------------------------+-------+-------++-------
  Melee: Unarmed           |   140 |       ||   140
         Punch             |     2 |       ||     2
         Dagger            |    23 |   106 ||   129
   Cast: Summon Small Mamm |    36 |     7 ||    43
         Call Canine Famil |     3 |     6 ||     9
         Summon Blazeheart |       |     1 ||     1
    Use: Potion            |       |     2 ||     2
   Stab: Sleeping          |     1 |     2 ||     3
         Distracted        |       |     1 ||     1
 Armour: Robe              |    96 |    72 ||   168
  Dodge: Dodged            |   127 |    98 ||   225

Table legend: (Time is in decaauts)
 A = Elapsed time spent in this place.
 B = Non-inter-level travel time spent in this place.
 C = Inter-level travel time spent in this place.
 D = Time resting spent in this place.
 E = Time spent auto-exploring this place.
 F = Levels seen in this place.
 G = Mean time per level.
                   A        B        C        D        E       F      G
               +--------+--------+--------+--------+--------+-----+--------+
         Total |   3359 |   3260 |     99 |     78 |   2297 |   5 |  671.8 |
       Dungeon |   3262 |   3163 |     99 |     78 |   2260 |   4 |  815.5 |
         Sewer |     96 |     96 |      0 |      0 |     37 |   1 |   96.0 |
               +--------+--------+--------+--------+--------+-----+--------+

Top non-repeatable levels by time:
     D:1: 1275 daAuts
     D:2: 899 daAuts
     D:3: 545 daAuts
     D:4: 541 daAuts
   Sewer: 96 daAuts
